[Event "Titled Tuesday Blitz August 15 Early 2023"]
[White "Polaczek, Richard"]
[Black "Shubenkova, Veronika"]
[WhiteFideId "200026"]
[BlackFideId "44124040"]
[WhiteElo "2349"]
[BlackElo "2484"]
[Result "0-1"]
[Round "6"]
[TimeControl "180+1"]
[Date "2023.08.15"]
[WhiteClock "0:00:15"]
[BlackClock "0:01:09"]
[Board "133"]

1. d4 d5 2. c4 e6 3. Nc3 Nf6 4. cxd5 exd5 5. Bg5 Be7 6. e3 O-O 7. Bd3 c6 8. Qc2 Nbd7 9. Nge2 Re8 10. O-O h6 11. Bh4 Ne4 12. Bxe7 Qxe7 13. Bxe4 dxe4 14. Ng3 Nf6 15. f3 exf3 16. Rxf3 Bg4 17. Nf5 Bxf5 18. Qxf5 b5 19. Raf1 Rad8 20. a3 a5 21. h3 b4 22. axb4 axb4 23. Na4 Rd5 24. Qc2 Qb7 25. Nc5 Qb5 26. Qf2 Rd6 27. Qg3 Ne4 28. Nxe4 Rg6 29. Nd6 Rxg3 30. Nxb5 Rxf3 31. Rxf3 cxb5 32. Kf2 g6 33. Rf6 Rc8 34. Rb6 Rc2+ 35. Kf3 Rxb2 36. Rxb5 Kf8 37. Rb7 Rb1 38. e4 b3 39. e5 b2 40. Kg3 h5 41. h4 Ke8 42. d5 Rd1 43. Rxb2 Rxd5 44. Kf4 Rd4+ 45. Kg5 Ke7 46. Rb7+ Ke6 47. Rb6+ Kxe5 48. Rb5+ Ke6 49. Rb6+ Ke7 50. Rb7+ Kf8 51. Kf6 Rf4+ 52. Ke5 Rxh4 0-1


[Site "https://www.chess.com"]

[Event "Titled Tuesday Blitz August 15 Early 2023"]
[White "Efremov, Vladislav"]
[Black "Mihailidis, Anastasios"]
[WhiteFideId "44159935"]
[BlackFideId "4205588"]
[WhiteElo "2353"]
[BlackElo "2481"]
[Result "0-1"]
[Round "6"]
[TimeControl "180+1"]
[Date "2023.08.15"]
[WhiteClock "0:00:04"]
[BlackClock "0:00:06"]
[Board "134"]

1. e4 c5 2. Nf3 d6 3. d4 cxd4 4. Nxd4 Nf6 5. Nc3 g6 6. f3 Bg7 7. Be3 O-O 8. Qd2 Nc6 9. Be2 d5 10. O-O-O dxe4 11. Nxc6 Qxd2+ 12. Rxd2 bxc6 13. Bc5 Re8 14. fxe4 Bg4 15. e5 Nd7 16. Bxg4 Nxc5 17. Re1 Bh6 18. Kd1 Bxd2 19. Kxd2 Rad8+ 20. Kc1 f6 21. b4 Na6 22. a3 Nc7 23. Bf3 Nd5 24. Ne4 Kg7 25. Nc5 e6 26. exf6+ Kxf6 27. g3 e5 28. Kb2 Kg7 29. Bg4 Rd6 30. Ne4 Rdd8 31. Nc5 Rb8 32. Bd7 Re7 33. Bxc6 Nf6 34. Bf3 e4 35. Bg2 e3 36. Re2 Re5 37. Kc3 Rbe8 38. Kd4 R5e7 39. Nd3 Rd8+ 40. Kc3 Ne4+ 41. Kb2 Nd2 42. Kc1 Nc4 43. a4 Ne5 44. Nc5 Nc4 45. Bh3 Rd2 46. Re1 Na3 47. Ne6+ Kh6 48. Rxe3 Rxc2+ 49. Kd1 Rd7+ 50. Ke1 Rdd2 51. Rxa3 Rxh2 52. Kd1 Rcf2 53. Ke1 Rb2 54. Rd3 Rh1+ 55. Bf1 Rb1+ 56. Rd1 Rxd1+ 57. Kxd1 Rxf1+ 58. Ke2 Ra1 59. a5 Rb1 60. Nc5 Rxb4 61. Kd3 Rb1 62. Kc4 Rg1 63. Kb5 Rxg3 64. Ka6 Rc3 65. Ne4 Rc4 66. Nd6 Rd4 67. Nb5 Rd5 68. Nxa7 g5 69. Nc6 g4 70. Kb6 Rd6 71. a6 g3 72. a7 g2 73. a8=Q g1=Q+ 74. Kc7 Rxc6+ 75. Qxc6+ Qg6 76. Qh1+ Kg7 77. Qa1+ Qf6 78. Qg1+ Kh8 79. Kd7 Qg7+ 80. Qxg7+ Kxg7 81. Ke6 Kg6 82. Ke5 Kg5 83. Ke4 Kg4 84. Ke3 Kg3 85. Ke2 Kg2 86. Ke3 h5 87. Kf4 h4 88. Kg4 h3 0-1


[Site "https://www.chess.com"]

[Event "Titled Tuesday Blitz August 15 Early 2023"]
[White "Mackster23"]
[Black "Bashirli, Saadat"]
[BlackFideId "13429990"]
[WhiteElo "2480"]
[BlackElo "2346"]
[Result "0-1"]
[Round "6"]
[TimeControl "180+1"]
[Date "2023.08.15"]
[WhiteClock "0:00:00"]
[BlackClock "0:00:57"]
[Board "135"]

1. d4 Nf6 2. c4 g6 3. g3 Bg7 4. Bg2 O-O 5. Nc3 c6 6. Nf3 d5 7. O-O Bg4 8. Ne5 Bf5 9. cxd5 cxd5 10. Qb3 Nc6 11. Qxb7 Nxd4 12. Rd1 Nc2 13. Rb1 e6 14. Nc6 Qb6 15. Ne7+ Kh8 16. Qxb6 axb6 17. Nxf5 gxf5 18. a3 Ne4 19. Nxe4 fxe4 20. e3 Rfc8 21. Bd2 b5 22. Bf1 Rab8 23. Ba5 b4 24. axb4 Nxb4 25. Rdc1 Rxc1 26. Rxc1 Nd3 27. Rc7 Kg8 28. Bxd3 exd3 29. Rc1 Rxb2 0-1


[Site "https://www.chess.com"]

[Event "Titled Tuesday Blitz August 15 Early 2023"]
[White "Davidson, Kevin"]
[Black "Tomaszewski, Kacper"]
[WhiteFideId "2056810"]
[BlackFideId "1127373"]
[WhiteElo "2346"]
[BlackElo "2480"]
[Result "1-0"]
[Round "6"]
[TimeControl "180+1"]
[Date "2023.08.15"]
[WhiteClock "0:00:48"]
[BlackClock "0:01:09"]
[Board "136"]

1. e4 e6 2. d4 d5 3. Nc3 Bb4 4. exd5 exd5 5. Bd3 Be6 6. Qf3 Ne7 7. Ne2 Nd7 8. Ng3 c5 9. O-O Bxc3 10. bxc3 c4 11. Bf5 Nxf5 12. Nxf5 O-O 13. Ba3 Qf6 14. Bxf8 Qxf5 15. Qxf5 Bxf5 16. Ba3 Bxc2 17. Rfe1 Bf5 18. Re7 g6 19. f3 Kg7 20. g4 Be6 21. Re1 Rd8 22. R1xe6 1-0


[Site "https://www.chess.com"]

[Event "Titled Tuesday Blitz August 15 Early 2023"]
[White "Eidelman, Gabriel"]
[Black "Pershina, Elena"]
[WhiteFideId "30910544"]
[BlackFideId "24147516"]
[WhiteElo "2479"]
[BlackElo "2344"]
[Result "0-1"]
[Round "6"]
[TimeControl "180+1"]
[Date "2023.08.15"]
[WhiteClock "0:00:12"]
[BlackClock "0:00:14"]
[Board "137"]

1. e4 c5 2. Nf3 Nc6 3. Bc4 e6 4. O-O a6 5. d4 b5 6. d5 Na5 7. Be2 Nf6 8. Nbd2 exd5 9. exd5 Bd6 10. Nb3 Nxb3 11. axb3 Bb7 12. c4 O-O 13. Bg5 h6 14. Bh4 Re8 15. Bd3 Be7 16. Re1 d6 17. Bg3 bxc4 18. bxc4 Qb6 19. Nh4 Bf8 20. Nf5 g6 21. Bh4 Nh5 22. Rxe8 Rxe8 23. Ne3 Nf4 24. Bf1 Bc8 25. Qc2 Bg7 26. Ra2 Kh7 27. b3 Qb4 28. g3 Nh5 29. Be2 Qe1+ 30. Kg2 Nf6 31. Qd2 Qxd2 32. Rxd2 g5 33. Bd3+ Kg8 34. Nf5 Bxf5 35. Bxf5 gxh4 36. Ra2 hxg3 37. Rxa6 gxh2 38. Rxd6 Ne4 39. Bxe4 Rxe4 40. Rd8+ Bf8 41. Kxh2 Rd4 42. b4 cxb4 43. c5 b3 44. c6 b2 45. c7 Rc4 46. c8=Q Rxc8 47. Rxc8 b1=Q 48. Rc4 Qd3 49. Rg4+ Kh7 50. f4 Qxd5 0-1


[Site "https://www.chess.com"]

[Event "Titled Tuesday Blitz August 15 Early 2023"]
[White "Saito, Vinicius"]
[Black "Gurevich, Dmitry"]
[WhiteFideId "2113384"]
[BlackFideId "2000407"]
[WhiteElo "2343"]
[BlackElo "2477"]
[Result "1/2-1/2"]
[Round "6"]
[TimeControl "180+1"]
[Date "2023.08.15"]
[WhiteClock "0:00:16"]
[BlackClock "0:00:04"]
[Board "138"]

1. e4 c5 2. Nf3 d6 3. d4 cxd4 4. Nxd4 Nf6 5. Nc3 Nc6 6. Bg5 e6 7. Qd2 Be7 8. O-O-O O-O 9. Nb3 Na5 10. f4 Nxb3+ 11. axb3 h6 12. Bxf6 Bxf6 13. Qxd6 Qxd6 14. Rxd6 e5 15. f5 a6 16. Nd5 Bd8 17. Bd3 b5 18. Nb6 Be7 19. Rc6 Bb7 20. Rc7 Bg5+ 21. Kb1 Rab8 22. Nd7 Rfc8 23. Rxc8+ Rxc8 24. Nxe5 Re8 25. Nf3 Bxe4 26. Re1 Bc6 27. Rxe8+ Bxe8 28. Nxg5 hxg5 29. c4 Kf8 30. Kc2 Ke7 31. Kc3 bxc4 32. bxc4 a5 33. Kd4 Kd6 34. c5+ Kc7 35. Be4 f6 36. g3 Bb5 37. h4 gxh4 38. gxh4 Bd7 39. Kc4 Be8 40. b4 axb4 41. Kxb4 Bd7 42. Kc4 Be8 43. Kd4 Bd7 44. Bc2 Bc6 45. Bb3 Bd7 46. Bc2 Bc6 47. Be4 Bd7 48. Ke3 Bb5 49. Kd4 Be8 50. Bb1 Bc6 51. Bc2 Bb7 52. Bb3 Bf3 53. Be6 Bg2 54. Bg8 Bf3 55. Bd5 Bg4 56. Be4 Bh5 57. Kd5 Bf7+ 58. Kd4 Be8 59. Bd5 Bd7 60. Be6 Bc6 61. Bd5 Bd7 62. Be6 Bc6 63. Kc4 Bb7 64. Bd5 Bc8 65. Be4 Bd7 66. Kd5 Bc6+ 67. Kd4 Bd7 1/2-1/2


[Site "https://www.chess.com"]

[Event "Titled Tuesday Blitz August 15 Early 2023"]
[White "Nguyen Hong Nhung"]
[Black "Osinovsky, Stepan"]
[WhiteFideId "12412201"]
[BlackFideId "4157354"]
[WhiteElo "2477"]
[BlackElo "2343"]
[Result "1-0"]
[Round "6"]
[TimeControl "180+1"]
[Date "2023.08.15"]
[WhiteClock "0:00:22"]
[BlackClock "0:00:00"]
[Board "139"]

1. e4 e6 2. d4 d5 3. Nc3 Ne7 4. Nf3 Nbc6 5. Bb5 a6 6. Be2 b6 7. O-O Bb7 8. exd5 exd5 9. Bf4 f6 10. Re1 Qd7 11. a3 Kf7 12. Qd3 Re8 13. b4 Nd8 14. b5 a5 15. Rac1 Ne6 16. Bg3 h5 17. Nh4 g6 18. f4 Ng7 19. Nd1 Ngf5 20. c4 Nxd4 21. Qxd4 Nf5 22. Qd3 Bc5+ 23. Kh1 Re4 24. Nxf5 Qxf5 25. Nf2 1-0


[Site "https://www.chess.com"]

[Event "Titled Tuesday Blitz August 15 Early 2023"]
[White "Bochnicka, Vladimir"]
[Black "UgarteCesar"]
[WhiteFideId "14943450"]
[WhiteElo "2474"]
[BlackElo "2338"]
[Result "1-0"]
[Round "6"]
[TimeControl "180+1"]
[Date "2023.08.15"]
[WhiteClock "0:01:17"]
[BlackClock "0:01:27"]
[Board "140"]

1. e4 c5 2. Nf3 Nc6 3. Bb5 g6 4. O-O Bg7 5. Re1 e6 6. Bxc6 dxc6 7. d3 Ne7 8. e5 O-O 9. Bg5 h6 10. Be3 b6 11. Nbd2 Nf5 12. Ne4 Qc7 13. Bf4 Ba6 14. Qd2 Rad8 15. Nf6+ Kh8 16. g4 Nd4 17. Nxd4 Rxd4 18. Bxh6 Bxf6 19. exf6 Rxg4+ 20. Kh1 Qd6 21. Bg7+ Kg8 22. Qh6 Qd5+ 23. Re4 Qh5 24. Rxg4 1-0


[Site "https://www.chess.com"]

[Event "Titled Tuesday Blitz August 15 Early 2023"]
[White "Devaev, Alexander"]
[Black "Nithyalakshmi, Sivanesan"]
[WhiteFideId "4169395"]
[BlackFideId "5706955"]
[WhiteElo "2466"]
[BlackElo "2338"]
[Result "0-1"]
[Round "6"]
[TimeControl "180+1"]
[Date "2023.08.15"]
[WhiteClock "0:00:00"]
[BlackClock "0:00:08"]
[Board "141"]

1. Nf3 Nf6 2. c4 c5 3. Nc3 Nc6 4. e3 g6 5. Be2 Bg7 6. O-O O-O 7. a3 d6 8. d4 e5 9. d5 Ne7 10. e4 Nd7 11. Ne1 f5 12. Nd3 Nf6 13. exf5 gxf5 14. f4 e4 15. Nf2 Ng6 16. Be3 Rf7 17. Kh1 Bf8 18. Rg1 Bh6 19. Qd2 Kh8 20. Raf1 Bd7 21. b4 b6 22. bxc5 bxc5 23. h3 Qa5 24. g4 Bg7 25. Rc1 Rb8 26. g5 Ne8 27. Nb5 Qxd2 28. Bxd2 Bxb5 29. cxb5 Nc7 30. a4 Re7 31. Nd1 Nxd5 32. Rf1 e3 33. Be1 Ndxf4 34. Rc2 Nxh3 35. Bg3 f4 36. Bh2 Nxg5 37. Bh5 f3 38. Nxe3 Rxe3 39. Bxd6 Rd8 40. Bxc5 Rc3 41. Rxc3 Bxc3 42. Bxa7 Nf4 43. Bg4 Bd4 44. Bxd4+ Rxd4 45. b6 Rb4 46. a5 Ne2 47. Rf2 Ng3+ 48. Kh2 N3e4 49. Rc2 f2 50. Be2 Kg7 0-1


[Site "https://www.chess.com"]

[Event "Titled Tuesday Blitz August 15 Early 2023"]
[White "Ziatdinov, Raset"]
[Black "favesaul"]
[WhiteFideId "2015323"]
[WhiteElo "2337"]
[BlackElo "2461"]
[Result "1-0"]
[Round "6"]
[TimeControl "180+1"]
[Date "2023.08.15"]
[WhiteClock "0:01:38"]
[BlackClock "0:00:11"]
[Board "142"]

1. e4 e6 2. d4 d5 3. Nc3 Bb4 4. exd5 exd5 5. Bd3 Qe7+ 6. Ne2 h6 7. O-O Nf6 8. Nf4 Bxc3 9. bxc3 O-O 10. Re1 Qd6 11. h3 b6 12. Qf3 Bb7 13. Nh5 Nxh5 14. Qxh5 Nd7 15. Re3 Nf6 16. Qf5 Ne4 17. Rg3 g6 18. Bxe4 dxe4 19. Bf4 Qa3 20. Qf6 Rfe8 21. Bxh6 1-0


[Site "https://www.chess.com"]

[Event "Titled Tuesday Blitz August 15 Early 2023"]
[White "Karavade, Eesha"]
[Black "Jahnz, Fabian"]
[WhiteFideId "5012600"]
[BlackFideId "4653300"]
[WhiteElo "2454"]
[BlackElo "2336"]
[Result "0-1"]
[Round "6"]
[TimeControl "180+1"]
[Date "2023.08.15"]
[WhiteClock "0:00:12"]
[BlackClock "0:00:11"]
[Board "143"]

1. d4 d5 2. Nf3 c6 3. Bf4 e6 4. e3 Be7 5. Bd3 f5 6. c4 Nf6 7. Qc2 Ne4 8. Nbd2 O-O 9. h3 Nd7 10. g4 c5 11. gxf5 exf5 12. cxd5 cxd4 13. Nxe4 fxe4 14. Bxe4 Nf6 15. Nxd4 Bb4+ 16. Kf1 Nxe4 17. Qxe4 Re8 18. Ne6 Bxe6 19. dxe6 Qa5 20. Kg2 Bf8 21. Rhd1 Qb6 22. Rd7 Qxb2 23. Rb1 Qxa2 24. Rbxb7 Qxe6 25. Qxe6+ Rxe6 26. Rxa7 Rxa7 27. Rxa7 Be7 28. Bg3 Bf6 29. Kf3 Rb6 30. Ke4 Rb2 31. Rc7 h5 32. h4 Rb4+ 33. Kf5 Bxh4 34. Be5 Rg4 35. f3 Rg1 36. Ke6 Bf2 37. Bd4 h4 38. Rc2 Rg2 39. Kf5 h3 40. Be5 h2 41. Bxh2 Rxh2 42. e4 Bg3 43. Rxh2 Bxh2 44. Kg6 Bf4 45. Kf5 Bc1 46. e5 Kf7 47. f4 Bd2 48. Ke4 Ke6 49. f5+ Kf7 50. Kf3 Bc3 51. Kf4 Bb2 52. f6 g6 53. Kg5 Bxe5 54. Kg4 Bxf6 0-1


[Site "https://www.chess.com"]

[Event "Titled Tuesday Blitz August 15 Early 2023"]
[White "Martinez, Shawn"]
[Black "Ljukin, Sergei"]
[WhiteFideId "2039770"]
[BlackFideId "14102200"]
[WhiteElo "2336"]
[BlackElo "2452"]
[Result "0-1"]
[Round "6"]
[TimeControl "180+1"]
[Date "2023.08.15"]
[WhiteClock "0:00:00"]
[BlackClock "0:00:09"]
[Board "144"]

1. e4 e6 2. d4 d5 3. Bd3 dxe4 4. Bxe4 Nf6 5. Bf3 Nbd7 6. Bf4 Bd6 7. Qd2 O-O 8. Nc3 e5 9. dxe5 Nxe5 10. O-O-O Nxf3 11. Nxf3 Bxf4 12. Qxf4 Qe7 13. Rhe1 Qc5 14. Re5 Qxf2 15. Rg5 Qb6 16. Na4 Qa6 17. Nc5 Qb6 18. Ne5 h6 19. Rg3 Nh5 20. Qe3 Nxg3 21. hxg3 Re8 22. Qf4 Be6 23. Ncd3 Rad8 24. g4 Qd4 25. Qg3 f6 26. Nf3 Qxg4 27. Kb1 Qxg3 28. b3 Qxg2 29. Nfe1 Qe2 30. Rc1 Bf5 31. Kb2 Bxd3 32. Nxd3 Rxd3 0-1


[Site "https://www.chess.com"]

[Event "Titled Tuesday Blitz August 15 Early 2023"]
[White "Womacka, Mathias"]
[Black "Sovetbekova, Nurai"]
[WhiteFideId "4611390"]
[BlackFideId "13801910"]
[WhiteElo "2450"]
[BlackElo "2335"]
[Result "1-0"]
[Round "6"]
[TimeControl "180+1"]
[Date "2023.08.15"]
[WhiteClock "0:00:53"]
[BlackClock "0:01:23"]
[Board "145"]

1. e4 c5 2. Nf3 Nc6 3. d4 cxd4 4. Nxd4 Nf6 5. Nc3 e5 6. Ndb5 d6 7. Bg5 a6 8. Na3 b5 9. Nd5 Be7 10. Nxe7 Qxe7 11. c4 bxc4 12. Nxc4 O-O 13. Qxd6 Qxd6 14. Nxd6 Nb4 15. Rc1 Nxa2 16. Rc7 Be6 17. Bxf6 gxf6 18. Bc4 Bxc4 19. Rxc4 Rab8 20. O-O Rxb2 21. Nf5 h5 22. h4 Kh7 23. Rc6 Kg6 24. Rxa6 Rd8 25. Ra3 Rdd2 26. Rg3+ Kh7 27. Rg7+ Kh8 28. Rxf7 Nb4 29. Rxf6 Nd3 30. Ng3 Nf4 31. Rf5 Rb4 32. Rxe5 Rdd4 33. Ra1 Kg7 34. Ra7+ Kf6 35. Rf5+ Ke6 36. Rxf4 1-0


[Site "https://www.chess.com"]

[Event "Titled Tuesday Blitz August 15 Early 2023"]
[White "Mrudul Dehankar"]
[Black "Skaric, Djuro"]
[WhiteFideId "25096990"]
[BlackFideId "934569"]
[WhiteElo "2448"]
[BlackElo "2331"]
[Result "0-1"]
[Round "6"]
[TimeControl "180+1"]
[Date "2023.08.15"]
[WhiteClock "0:00:00"]
[BlackClock "0:00:36"]
[Board "146"]

1. e4 d6 2. d4 g6 3. Nc3 Bg7 4. Nf3 Nf6 5. Bf4 O-O 6. Qd2 Nc6 7. O-O-O a6 8. h4 h5 9. d5 Nb8 10. Bh6 Kh7 11. Ng5+ Kg8 12. Bxg7 Kxg7 13. f3 Rh8 14. Qe3 Nbd7 15. Be2 Ne5 16. g4 hxg4 17. f4 Nf3 18. e5 dxe5 19. fxe5 Nh5 20. Bxf3 gxf3 21. Qxf3 Bf5 22. Rhg1 Qc8 23. Rdf1 Kf8 24. e6 f6 25. Nf7 Rh7 26. Qg2 Rg7 27. Nh6 Bxe6 28. dxe6 Qxe6 29. Re1 Qc6 30. Qd2 Qd6 31. Ne4 Qxd2+ 32. Nxd2 Rd8 33. Ng4 e5 34. Rgf1 Rf7 35. Nf3 Re8 36. Nf2 Kg7 37. Ne4 Nf4 38. Rg1 f5 39. Neg5 Rfe7 40. Rd1 e4 41. Nd4 c5 42. Nb3 Ne2+ 43. Kb1 Nxg1 44. Rxg1 e3 45. Re1 e2 46. Nxc5 Re3 47. Nd3 Rh3 48. Nf4 Rxh4 49. Nge6+ Kf6 50. Rxe2 Rh1+ 0-1


[Site "https://www.chess.com"]

[Event "Titled Tuesday Blitz August 15 Early 2023"]
[White "Baghdasaryan, Vahe"]
[Black "Kiselev, Pavel"]
[WhiteFideId "13303139"]
[BlackFideId "4191102"]
[WhiteElo "2446"]
[BlackElo "2321"]
[Result "0-1"]
[Round "6"]
[TimeControl "180+1"]
[Date "2023.08.15"]
[WhiteClock "0:00:00"]
[BlackClock "0:00:37"]
[Board "147"]

1. e4 Nc6 2. Nf3 d5 3. exd5 Qxd5 4. Nc3 Qa5 5. d4 Bg4 6. d5 O-O-O 7. Bd2 Bxf3 8. Qxf3 Ne5 9. Qf5+ Nd7 10. Nb5 Qb6 11. Be3 Qa5+ 12. b4 Qxb4+ 13. c3 Qa5 14. d6 e6 15. Qxf7 cxd6 16. Qxe6 a6 17. Na7+ Kb8 18. Qb3 Ka8 19. Bxa6 Qxa6 20. Nb5 Qa5 21. O-O Nc5 22. Bxc5 dxc5 23. Rfd1 Be7 24. Rxd8+ Bxd8 25. Rd1 Nf6 26. Nd6 Qc7 27. g4 Rf8 28. g5 Ne8 29. Qa4+ Kb8 30. Nxe8 Qf4 31. Nd6 Qxf2+ 32. Kh1 Bc7 0-1


[Site "https://www.chess.com"]

[Event "Titled Tuesday Blitz August 15 Early 2023"]
[White "Manukian, Artak"]
[Black "Ouellet, Maili-Jade"]
[WhiteFideId "13301373"]
[BlackFideId "2620472"]
[WhiteElo "2441"]
[BlackElo "2294"]
[Result "0-1"]
[Round "6"]
[TimeControl "180+1"]
[Date "2023.08.15"]
[WhiteClock "0:00:59"]
[BlackClock "0:00:04"]
[Board "149"]

1. e4 c6 2. d4 d5 3. e5 Bf5 4. c4 e6 5. Nc3 dxc4 6. Bxc4 Nd7 7. Nf3 Ne7 8. Nh4 Bg6 9. Bg5 Qb6 10. Qd2 Nd5 11. O-O Be7 12. Nxg6 hxg6 13. Nxd5 cxd5 14. Bxe7 Kxe7 15. Bb3 Rac8 16. Rac1 Rc6 17. Ba4 Rc7 18. Rxc7 Qxc7 19. Qb4+ Kd8 20. g3 Qb6 21. Qa3 Qc7 22. Bxd7 Kxd7 23. Qxa7 Rc8 24. Qa4+ Qc6 25. Qb4 Ke8 26. b3 Rc7 27. a4 Qc3 28. Qb6 Qc6 29. Qa7 Qc3 30. Qb8+ Ke7 31. a5 Qxa5 32. Qg8 Qb6 33. Qxg7 Qxd4 34. Qf6+ Ke8 35. Qh8+ Ke7 36. Qf6+ Ke8 37. h4 Rc2 38. h5 gxh5 39. Qh8+ Ke7 40. Qxh5 Qb2 41. Qg5+ Ke8 42. Qf6 d4 43. Kg2 Qxb3 44. Rh1 Qd5+ 45. Qf3 Qxf3+ 46. Kxf3 d3 47. Rd1 Re2 48. Rxd3 Rxe5 49. Rb3 b5 50. Kf4 Rd5 51. Ke4 Ke7 52. f4 f5+ 53. Ke3 Kd6 54. Rc3 Rc5 55. Rd3+ Kc6 56. Rd8 b4 57. Rb8 Rb5 58. Re8 Kd5 59. Rd8+ Kc4 60. Rd1 b3 61. Rc1+ Kb4 62. Kd4 Rd5+ 63. Ke3 b2 64. Re1 Kb3 65. Kf3 Ka2 66. Rxe6 b1=Q 67. Ra6+ Kb2 68. Rb6+ Kc2 69. Rxb1 Kxb1 70. g4 fxg4+ 71. Kxg4 Kc2 72. f5 Kd3 73. f6 Ke4 74. f7 Rf5 0-1


[Site "https://www.chess.com"]

[Event "Titled Tuesday Blitz August 15 Early 2023"]
[White "Sanhueza, Cristian"]
[Black "Yuruultei Batbaatar"]
[WhiteFideId "116815"]
[BlackFideId "4905962"]
[WhiteElo "2434"]
[BlackElo "2289"]
[Result "0-1"]
[Round "6"]
[TimeControl "180+1"]
[Date "2023.08.15"]
[WhiteClock "0:00:20"]
[BlackClock "0:01:15"]
[Board "150"]

1. e4 c5 2. Nf3 e6 3. d4 cxd4 4. Nxd4 Nc6 5. Be2 Nf6 6. Nc3 a6 7. O-O Qc7 8. Kh1 Be7 9. Be3 O-O 10. f4 d6 11. Qe1 b5 12. Nxc6 Qxc6 13. e5 Ne8 14. exd6 Qxd6 15. Bf3 Rb8 16. Ba7 Rb7 17. Bxb7 Bxb7 18. Rd1 Qc6 19. Qg3 Nf6 20. Bd4 b4 21. Nb1 Qxc2 22. Rd2 Qc6 23. Be5 Rc8 24. Rfd1 g6 25. Qh3 Ne4 26. Re2 Qc1 27. Rg1 Qxg1+ 0-1


[Site "https://www.chess.com"]

[Event "Titled Tuesday Blitz August 15 Early 2023"]
[White "Clawitter, Craig"]
[Black "Herman, Daniel"]
[WhiteFideId "2023105"]
[BlackFideId "30935008"]
[WhiteElo "2252"]
[BlackElo "2433"]
[Result "0-1"]
[Round "6"]
[TimeControl "180+1"]
[Date "2023.08.15"]
[WhiteClock "0:00:09"]
[BlackClock "0:00:14"]
[Board "151"]

1. e4 e6 2. d4 d5 3. e5 c5 4. c3 Nc6 5. Nf3 Bd7 6. Be2 Rc8 7. O-O Nh6 8. dxc5 Bxc5 9. b4 Bb6 10. Bd3 Ng4 11. Bf4 Bc7 12. Re1 f6 13. h3 Ngxe5 14. Nxe5 Nxe5 15. Bxe5 Bxe5 16. Qh5+ Ke7 17. Rxe5 fxe5 18. Qxe5 Qf8 19. Nd2 Qf6 20. Qe3 Rxc3 21. Re1 Rf8 22. Nf3 Qf4 23. Qxa7 Rxd3 24. Qxb7 Rxf3 25. gxf3 Qxf3 26. Qb6 Rf6 27. Qc5+ Kf7 28. Rc1 Rg6+ 29. Kf1 Qxh3+ 30. Ke1 Rg1+ 31. Kd2 Qh6+ 32. Ke2 Qxc1 33. Qe3 Re1+ 0-1


[Site "https://www.chess.com"]

[Event "Titled Tuesday Blitz August 15 Early 2023"]
[White "Yeritsyan, Hayk"]
[Black "Sarkar, Justin"]
[WhiteFideId "13307320"]
[BlackFideId "2010011"]
[WhiteElo "2428"]
[BlackElo "2249"]
[Result "1-0"]
[Round "6"]
[TimeControl "180+1"]
[Date "2023.08.15"]
[WhiteClock "0:00:15"]
[BlackClock "0:00:00"]
[Board "152"]

1. d4 Nf6 2. Nf3 e6 3. e3 c5 4. Bd3 b6 5. c3 Ba6 6. Bxa6 Nxa6 7. Nbd2 Nc7 8. O-O d5 9. Re1 Bd6 10. e4 dxe4 11. Nxe4 Nxe4 12. Rxe4 O-O 13. Qe2 h6 14. Bf4 f5 15. Bxd6 fxe4 16. Bxc7 Qxc7 17. Qxe4 Rae8 18. Re1 cxd4 19. Nxd4 e5 20. Qd5+ Qf7 21. Qxf7+ Rxf7 22. f3 Rf6 23. Nb3 Kf7 24. Nd2 Rd6 25. Ne4 Rd5 26. Kf2 Red8 27. Ke2 b5 28. Rc1 a6 29. c4 Rc8 30. c5 b4 31. Rc4 a5 32. b3 Rc6 33. h4 Ke6 34. g4 Rd4 35. Rc2 Kd5 36. h5 Ke6 37. Ke3 Kd5 38. Rc1 Ke6 39. f4 1-0


[Site "https://www.chess.com"]

[Event "Titled Tuesday Blitz August 15 Early 2023"]
[White "Begunov, Konstantin"]
[Black "Zaichenko, Daria"]
[WhiteFideId "4118510"]
[BlackFideId "4197453"]
[WhiteElo "2427"]
[BlackElo "2226"]
[Result "1-0"]
[Round "6"]
[TimeControl "180+1"]
[Date "2023.08.15"]
[WhiteClock "0:00:14"]
[BlackClock "0:00:11"]
[Board "153"]

1. d4 d5 2. c4 e6 3. Nc3 Be7 4. cxd5 exd5 5. Nf3 Nf6 6. Qc2 g6 7. Bh6 Bf5 8. Qb3 b6 9. Bg7 Rg8 10. Bxf6 Bxf6 11. Nxd5 Be6 12. Nxf6+ Qxf6 13. d5 Bf5 14. e4 Bxe4 15. Qe3 Qe7 16. Bb5+ Nd7 17. O-O Bxd5 18. Ne5 Be6 19. Qe4 Rc8 20. Rad1 f5 21. Qd4 Rg7 22. Rfe1 c5 23. Qd2 Rc7 24. Nxd7 Rxd7 25. Bxd7+ Qxd7 26. Qg5 Qe7 27. Qe3 Bxa2 28. Qc3 Be6 29. Rxe6 Qxe6 30. Qxg7 Qe2 31. Rf1 Qe7 32. Qh6 b5 33. h4 c4 34. g3 b4 35. Rc1 c3 36. bxc3 bxc3 37. Qe3 Qxe3 38. fxe3 Kd7 39. Rxc3 Kd6 40. Ra3 Ke5 41. Rxa7 Ke4 42. Kf2 h6 43. Re7+ Kd5 44. Rg7 g5 45. hxg5 hxg5 46. Rxg5 Ke4 47. Rh5 Ke5 48. Kf3 Kf6 49. Kf4 Kg6 50. Rxf5 Kg7 51. e4 1-0


[Site "https://www.chess.com"]

[Event "Titled Tuesday Blitz August 15 Early 2023"]
[White "Pert, Nina"]
[Black "Kielinkei"]
[WhiteFideId "456853"]
[WhiteElo "2194"]
[BlackElo "2426"]
[Result "0-1"]
[Round "6"]
[TimeControl "180+1"]
[Date "2023.08.15"]
[WhiteClock "0:00:00"]
[BlackClock "0:00:04"]
[Board "154"]

1. e4 d6 2. d4 Nf6 3. Nc3 Nbd7 4. Be3 e5 5. d5 g6 6. f3 Bg7 7. Qd2 a6 8. h4 h5 9. O-O-O b5 10. Kb1 Bb7 11. Nh3 Nb6 12. Nf2 b4 13. Ne2 a5 14. Nc1 Qd7 15. g4 hxg4 16. fxg4 Nxg4 17. Bh3 f5 18. exf5 gxf5 19. Nxg4 fxg4 20. Bg2 Nc4 21. Qd3 Nxe3 22. Qxe3 O-O-O 23. Qa7 Qb5 24. Be4 Rdf8 25. Nb3 a4 26. Bd3 Qb6 27. Qxa4 Bxd5 28. Ba6+ Bb7 29. Bxb7+ Qxb7 30. Na5 Qb6 31. Nc6 Kb7 32. Nxb4 e4 33. c3 Ra8 34. Qc2 Rhe8 35. Rhe1 e3 36. Qg2+ c6 37. Qxg4 Be5 38. Qd7+ Qc7 39. Qxc7+ Kxc7 40. Rxe3 Rh8 41. Rh1 Rh5 42. Nd3 Rah8 43. Nxe5 dxe5 44. Re4 Kd6 45. Kc2 Ke6 46. a4 Kf5 47. Kd3 Rd8+ 48. Ke3 Ra8 49. Rf1+ Ke6 50. Rg1 Kd5 51. b3 Rah8 52. Rd1+ Ke6 53. Rh1 Kd5 54. a5 Rg8 55. Rd1+ Ke6 56. Rf1 Rg3+ 57. Rf3 Rg1 58. b4 Re1+ 59. Kd3 Rxe4 60. Kxe4 Rxh4+ 61. Ke3 Rh1 62. Rg3 Kd5 63. Rg8 Kc4 64. a6 Ra1 65. Re8 Kxc3 66. Rxe5 Kxb4 67. Re6 Rxa6 68. Kd2 Ra2+ 69. Kc1 c5 70. Re4+ Kb3 71. Re3+ Kc4 72. Re4+ Kd3 73. Re8 Ra1+ 74. Kb2 Rh1 75. Rd8+ Kc4 76. Kc2 Rh2+ 77. Kc1 Kc3 78. Rd1 Rc2+ 79. Kb1 Rb2+ 80. Kc1 Ra2 81. Kb1 Ra8 82. Rg1 c4 83. Rg3+ Kd2 84. Rg2+ Kd3 85. Rg3+ Kd4 86. Rg4+ Kc3 87. Rg3+ Kb4 88. Kb2 Rh8 89. Rg2 Rh3 90. Rf2 Rb3+ 91. Kc2 Ra3 92. Rf8 Ra2+ 93. Kb1 Rh2 94. Kc1 Rh3 95. Rf4 Kc3 96. Rf1 Kb3 97. Kd2 Rh2+ 98. Kc1 Ra2 99. Kb1 c3 100. Rf8 c2+ 0-1


[Site "https://www.chess.com"]

[Event "Titled Tuesday Blitz August 15 Early 2023"]
[White "le-castor-faineant"]
[Black "Todorovic, Bojan"]
[BlackFideId "917087"]
[WhiteElo "2189"]
[BlackElo "2424"]
[Result "1-0"]
[Round "6"]
[TimeControl "180+1"]
[Date "2023.08.15"]
[WhiteClock "0:00:04"]
[BlackClock "0:00:09"]
[Board "155"]

1. e4 g6 2. d4 Bg7 3. Nc3 d6 4. Bf4 a6 5. a4 Nc6 6. Qd2 Nxd4 7. Bc4 e6 8. h4 h5 9. Nh3 Ne7 10. Ng5 Nec6 11. Be3 Ne5 12. Qxd4 Nf3+ 13. Nxf3 Bxd4 14. Bxd4 e5 15. Be3 Be6 16. Bxe6 fxe6 17. Ng5 Qd7 18. O-O O-O-O 19. Rfd1 Rde8 20. b4 Qc6 21. Ra3 b5 22. axb5 axb5 23. Rd3 Rhf8 24. Ra5 Kd7 25. Nxb5 Rb8 26. Nxc7 Qxc7 27. Bc5 Rb6 28. Ra7 Qxa7 29. Rxd6+ Rxd6 30. Bxa7 Rd1+ 31. Kh2 Rc1 32. Bc5 Rf4 33. g3 Rf6 34. Kg2 Rxc2 35. Nf3 Kc7 36. Nxe5 Kb7 37. Nf3 Kc6 38. Nd4+ Kc7 39. Nxc2 e5 40. Ne3 Kc6 41. Nd5 Rf7 42. Ne7+ Kb5 43. Nxg6 Kc4 44. Nxe5+ 1-0


[Site "https://www.chess.com"]